 Dungeon Crawl Stone Soup version 0.30-a0-553-g7fabdf1491 (webtiles) character file.

Game seed: 15580535402065941742

311259 billz999 the Black Belt (level 22, -15/173 HPs)
             Began as a Djinni Fire Elementalist on Dec 25, 2022.
             Was the Champion of Jiyva.
             Killed from afar by a fire giant (83 damage)
             ... with a bolt of fire
             ... on level 4 of the Vaults on Dec 27, 2022.
             The game lasted 02:04:10 (34713 turns).

billz999 the Black Belt (Djinni Fire Elementalist) Turns: 34713, Time: 02:04:11

Health: -15/173    AC: 19    Str: 11    XL:     22   Next: 21%
Gold:   898        EV: 24    Int: 39    God:    Jiyva [******] SH:  0 Dex: 11

rFire   . . .      SeeInvis .      - Unarmed
rCold   . . .      Faith    .    (shield currently unavailable)
rNeg    . . .      Spirit   .    (body armour currently unavailable)
rPois   ∞          Reflect  .    (helmet currently unavailable)
rElec   +          Harm     .    (cloak currently unavailable)
rCorr   +          Rampage  .    (gloves currently unavailable)
Will    +++..                    (boots unavailable)
Stlth   +++++++++                (no amulet)
HPRegen 2.08/turn                O - +6 ring of intelligence
MPRegen 0.00/turn                o - ring of Shadows {Umbra +Inv Stlth+}

@: storm-form, marked, flying, wreathed by umbra
A: cleaving, insubstantial, flying, sickness immunity, (fire resistance 2),
(cold vulnerability 1), float, innate caster, HP casting, extra vitality 1,
(antennae 1), (large bone plates 1), clever 2, strong-willed 1, strong 1,
(eyeballs 1), (gelatinous body 1), (pseudopods 2), (translucent skin 1),
(tendrils), (jelly sensing items), MP-powered wands
}: 2/15 runes: decaying, serpentine
a: Blinkbolt, End Transformation, Renounce Religion, Evoke Invisibility,
Oozemancy, Slimify


You were on level 4 of the Vaults.
You worshipped Jiyva.
Jiyva was exalted by your worship.
You were a lightning-filled tempest!
You visited 7 branches of the dungeon, and saw 36 of its levels.
You also visited: Volcano.

You collected 2072 gold pieces.
You spent 1174 gold pieces at shops.

Inventory:

Hand Weapons
 d - a +0 spear of venom
 e - a +1 dagger of holy wrath
Armour
 a - a +0 robe
 i - a +2 leather armour of fire resistance (melded)
 E - a +1 chain mail of willpower
Jewellery
 l - a +4 ring of slaying
 o - the ring of Shadows (right fist) {Umbra +Inv Stlth+}
   (You bought it in a shop on level 1 of the Orcish Mines)

   [ring of stealth]

   It surrounds you with an aura of shadow, increasing your stealth and reducing
   the accuracy of all others within it.
   +Inv:      It lets you turn invisible.
   Stlth:     It makes you more stealthy.
 A - a +4 ring of slaying
 B - a +4 ring of protection
 J - a ring of protection from cold
 M - a ring of positive energy
 O - a +6 ring of intelligence (left fist)
 Q - the amulet of Enepoep {RegenMP rPois Will+ Dex-4}
   (You took it off a vampire mage on level 1 of the Depths)

   [amulet of magic regeneration]

   It increases your rate of magic regeneration.
   Dex:       It affects your dexterity (-4).
   rPois:     It protects you from poison.
   Will:      It increases your willpower.
Wands
 s - a wand of paralysis (23)
 t - a wand of iceblast (10)
 G - a wand of flame (5)
 L - a wand of digging (2)
 N - a wand of light (24)
Scrolls
 c - a scroll of torment {unknown}
 f - 7 scrolls of teleportation
 j - 3 scrolls of blinking
 k - 7 scrolls of vulnerability
 n - 5 scrolls of poison
 p - 6 scrolls of identify
 r - 3 scrolls of fog
 u - 8 scrolls of enchant armour
 w - 2 scrolls of summoning
 y - a scroll of fear
 z - 3 scrolls of magic mapping
 I - 6 scrolls of enchant weapon
Potions
 b - 7 potions of magic
 g - 3 potions of resistance
 h - a potion of heal wounds
 m - 4 potions of might
 q - 4 potions of lignification
 v - 2 potions of invisibility
 C - 8 potions of curing
 D - 7 potions of attraction
 F - 4 potions of ambrosia
 H - 4 potions of cancellation
 K - 4 potions of mutation
Miscellaneous
 P - a piece from Xom's chessboard (15/15)


   Skills:
 * Level 19.2 Fighting
 - Level 7.0 Armour
 - Level 10.0 Dodging
 - Level 14.1 Stealth
 * Level 19.7 Unarmed Combat
 + Level 14.5 Spellcasting
 - Level 6.0 Evocations


You couldn't memorise any spells.
You knew the following spells:

 Your Spells              Type           Power      Damage    Failure   Level
a - Foxfire               Conj/Fire      100%       2x1d9     0%          1
b - Scorch                Fire           100%       2d10      0%          2
c - Kindle Blastsparks    Fire/Tloc/Air  100%       2d18      0%          3
d - Inner Flame           Hex/Fire       97%        N/A       0%          3
e - Flame Wave            Conj/Fire      97%        2d20      1%          4
f - Kiss of Death         Conj/Necr      100%       2d13      0%          1
g - Searing Ray           Conj           100%       2d8       0%          2
h - Passwall              Tmut/Erth      80%        N/A       0%          2
i - Animate Dead          Necr           97%        N/A       1%          4
j - Arcjolt               Conj/Air       48%        1d58      1%          5
k - Blade Hands           Tmut           48%        N/A       1%          5
l - Eringya's Noxious Bo  Tmut/Pois      48%        N/A       1%          6
m - Orb of Destruction    Conj           48%        9d13      2%          7
n - Storm Form            Tmut/Air       48%        N/A       2%          7
o - Maxwell's Capacitive  Air            48%        ∞         21%         8
Your spell library was empty.

Dungeon Overview and Level Annotations

Branches:
Dungeon (15/15)            Temple (0/1) D:6            Lair (5/5) D:10
  Swamp (4/4) Lair:3        Snake (4/4) Lair:3        Slime (0/5) Lair:5
    Orc (2/2) D:11            Elf (0/3) Orc:2        Vaults (5/5) D:13
  Crypt (0/3) Vaults:3     Depths (1/4) D:15        Volcano (visited)

Altars:
Elyvilon
Fedhas
Makhleb
Nemelex Xobeh
Okawaru
Trog
Uskayaw
Zin
The Shining One
Jiyva

Shops:
D:1 [   D:3 (   D:4 ([   D:11 *   Orc:1 =   Orc:2 (**(   Vaults:2 =
Vaults:3 ![   Vaults:4 ????(

Portals:
Hell: Lair:5 Depths:1
Abyss: Depths:1
Pandemonium: Depths:1
Trove: Vaults:1 (give 10 potions of heal wounds)

Annotations:
D:3 3 runed translucent doors, Crazy Yiuf
D:5 2 transporters, Mitcholas's ghost, novice MiFi
D:13 3 runed translucent doors, Ideihu's ghost, journeyman DjFE
Lair:1 1 runed translucent door, upjump's ghost, journeyman TrBe
Lair:3 1 runed translucent door, Qikipt's ghost, journeyman NaVM
Swamp:2 3 runed translucent doors, Feimod's ghost, adept SpEn
Snake:1 Roxanne
Snake:2 2 transporters, mhtbhm's ghost, journeyman GrBe
Orc:1 2 transporters, ragingrage's ghost, journeyman FeBe
Vaults:2 2 transporters, demibob's ghost, adept DsGl
Vaults:5 Jory


Innate Abilities, Weirdness & Mutations

You are a lightning-filled tempest!
Your electrical attacks strike out in all directions at once.
You are incredibly evasive.
Your insubstantial body is immune to petrification, constriction, and being set on fire You are flying.
Your armour is entirely melded.
You are incapable of wielding weapons or throwing items.
You are immune to sickness and miasma.
You are immune to poison.
((Your flesh is very heat resistant. (rF++)))
((You are vulnerable to cold. (rC-)))
You float through the air rather than walking.
You learn spells naturally, not from books.
Your magical power is your life essence.
You have superior vitality. (+4 MHP)
((You have a pair of small antennae on your head.))
((You are partially covered in large bone plates. (SH +4)))
Your mind is very acute. (Int +8, Str/Dex -2)
You are strong-willed. (Will+)
Your muscles are strong. (Str +4, Int/Dex -1)
((Your body has grown eyes which may confuse attackers. (Acc +3)))
((Your rubbery body absorbs attacks. (AC +1, EV +1)))
((Armour fits poorly on your large pseudopods.))
((Your translucent skin slightly reduces your foes' accuracy. (Stealth+)))
((You are covered in slimy tendrils that may disarm your opponents.))
((You have a small jelly attached to you that senses nearby items.))
You expend health (3 HP) to strengthen your wands.


Message History

There is a stone staircase leading down here.
You batter the stone giant!!
The stone giant is lightly wounded.
You closely miss the deep elf high priest.
You batter the vault guard!!
Lightning courses through the vault guard!
You batter the stone giant!!
Lightning courses through the stone giant!!
You hit the fire giant.
Lightning courses through the fire giant!
You blast the vault guard!!!
You kill the vault guard!
You hit the stone giant. You batter the fire giant!!
You barely miss the deep elf high priest.
You batter the stone giant!! The stone giant closely misses you.
The fire giant completely misses you. The stone giant misses you.
The deep elf high priest invokes the aid of its god against you.
Something smites you!
You are too injured to fight recklessly!
You buffet the deep elf high priest!
The deep elf high priest is moderately wounded.
You hit the fire giant but do no damage.
You completely miss the stone giant.
You buffet the stone giant!
You batter the deep elf high priest!!
The deep elf high priest is severely wounded.
You blast the stone giant!!!
You buffet the fire giant!
You batter the stone giant!!
You kill the stone giant!
The fire giant gestures at you while chanting.
The bolt of fire misses you.
The deep elf high priest invokes the aid of its god against you.
Something smites you! The stone giant barely misses you.
You batter the deep elf high priest!!
You kill the deep elf high priest!
You buffet the stone giant!
You kill the stone giant!
You hit the fire giant.
The fire giant gestures at you while chanting.
The bolt of fire hits you!!!!
You die...

#J#..~~~..#.##.##.....#.......#..
#.#.......#.##.##.#...#.#.....#..
#.#..............J#...#.......#..
#.############'####...#.JJ.#..#..
#.....................#.......#..
#...........#########.'.#.....#..
#...........#.......#.#.......#..
............#..()(..#.#########..
............#..)v...#............
######......#..C)[..#............
#......#.......#............ ####
#......#.......#............ ...#
#......###'#####............ ...#
#........................... ...#
#........................... ...#
#.....#####################. ...#
#.....#.##.##.##.##.##.##.#.


You could see a fire giant (empowered).

Vanquished Creatures
  An ancient lich (Vaults:4)
  Margery (Vaults:4)
  the Lernaean hydra (Swamp:4)
  Mlioglotl (Snake:2)
  A titan (Vaults:5)
  2 thorn hunters
  A sphinx (Vaults:2)
  Agnes (Snake:1)
  2 tengu reavers
  A storm dragon (Vaults:4)
  Kirke (Snake:3)
  Donald (Snake:1)
  3 nagarajas
  A deep elf sorcerer (Vaults:4)
  A frost giant (Depths:1)
  7 vault wardens
  Louise (Depths:1)
  2 orc warlords
  6 ironbound thunderhulks
  3 very ugly things
  19 ironbound preservers
  8 eleionomae
  2 stone giants (Vaults:4)
  3 deep elf demonologists
  10 dire elephants
  4 bunyips
  2 fire dragons
  4 ettins
  6 yaktaur captains
  Josephine (Snake:1)
  A deep elf high priest (Vaults:4)
  2 entropy weavers
  2 salamander tyrants (Snake:4)
  A rakshasa (Depths:1)
  Fannar (Lair:1)
  2 ice dragons
  23 hydras
  25 vault guards
  9 ironbound frosthearts
  A ghost crab (Swamp:1)
  7 centaur warriors
  5 anacondas
  2 catoblepae
  An ogre mage (D:15)
  A peacekeeper (Vaults:4)
  7 boulder beetles
  2 vampire magi
  12 alligators
  8 two-headed ogres
  10 naga warriors
  A deep troll earth mage (Depths:1)
  Erica (D:8)
  11 death yaks
  A tengu warrior (Depths:1)
  10 naga sharpshooters
  3 orc high priests
  2 sun demons
  7 shock serpents
  4 hell knights (Vaults:4)
  3 iron trolls (Depths:1)
  78 deep trolls
  5 salamander mystics
  A fire crab (Lair:4)
  3 goliath frogs
  4 spriggan druids
  2 shadow demons (Depths:1)
  A death drake (Swamp:3)
  3 spriggan riders (Swamp:3)
  8 swamp dragons
  6 bog bodies
  4 naga ritualists
  2 phantasmal warriors
  3 harpies (Vaults:2)
  2 wizards
  6 orc knights
  12 mana vipers
  12 ironbound convokers
  9 lindwurms
  2 necromancers
  2 orc sorcerers
  5 cyclopes
  23 ugly things
  13 salamanders
  3 manticores
  6 elephants
  Joseph (D:7)
  6 will-o-the-wisps
  20 black mambas
  Maurice (D:13)
  13 naga magi
  A rust devil (Depths:1)
  12 vault sentinels
  2 guardian serpents
  4 gargoyles
  A torpor snail (Lair:2)
  13 cane toads
  4 orange demons (Lair:5)
  8 kobold demonologists
  An unseen horror (D:10)
  17 yaktaurs
  An efreet (D:15)
  7 komodo dragons
  3 freezing wraiths
  7 rime drakes
  A red devil (Lair:5)
  A hellwing (Lair:5)
  A tengu conjurer (Depths:1)
  An ice devil (Lair:5)
  10 trolls
  4 polar bears
  A queen bee (D:13)
  10 hornets
  14 tyrant leeches
  Prince Ribbit (D:7)
  6 meliai (D:13)
  A bloated husk (Swamp:3)
  5 dream sheep
  7 blink frogs
  9 spriggans
  A shadow (D:12)
  4 water elementals (Depths:1)
  44 yaks
  A culicivora (Vaults:1)
  4 wyverns
  4 hogs (Snake:3)
  5 wraiths
  A steam dragon (Lair:1)
  A spriggan zombie (Swamp:3)
  2 humans (Lair:4)
  Eustachio (D:4)
  2 redbacks
  11 vampire mosquitoes
  4 basilisks
  Menkaure (D:7)
  2 wargs
  30 nagas
  9 swamp worms
  7 hell hounds
  2 acid dragons
  24 water moccasins
  10 swamp drakes
  A sky beast (D:7)
  37 orc warriors
  2 ice beasts
  2 black bears
  An ogre (Orc:1)
  16 wolves
  2 boggarts (Depths:1)
  6 centaurs (Orc:2)
  10 bullfrogs
  A gnoll sergeant (D:8)
  4 scorpions
  10 wights
  A yak zombie (D:11)
  36 killer bees
  3 howler monkeys
  A jelly (Lair:5)
  7 orc priests
  4 hounds
  A gnoll bouda (D:8)
  3 iguanas
  14 orc wizards
  4 hell rats (Lair:1)
  18 gnolls
  7 adders
  A white imp (D:6)
  An ufetubus (D:7)
  2 worms
  A dart slug (D:4)
  41 orcs
  A ball python (D:1)
  An endoplasm (D:1)
  6 goblins
  3 hobgoblins
  7 kobolds
  2 quokkas (D:1)
  7 bats
  2 frilled lizards (D:3)
  7 rats
1114 creatures vanquished.

Vanquished Creatures (collateral kills)
  An ironbound thunderhulk (Vaults:1)
  A two-headed ogre (D:15)
  An anaconda (Snake:4)
  A death yak (Lair:4)
  An alligator (Swamp:2)
  A spriggan rider (Swamp:1)
  2 spriggan druids
  A swamp dragon (Swamp:1)
  2 bog bodies (Swamp:1)
  A wizard (D:14)
  3 elephants
  A black mamba (Lair:2)
  A rime drake (Lair:4)
  An efreet (D:14)
  A troll (D:11)
  A polar bear (Lair:5)
  4 yaks
  2 wargs
  2 swamp worms
  2 nagas (Snake:4)
  3 water moccasins
  An orc warrior (D:11)
  A swamp drake (Swamp:2)
  An ogre (D:15)
  2 wights (D:7)
  A hornet simulacrum (D:14)
  An orc (Orc:1)
  8 foxfires
48 creatures vanquished.

Vanquished Creatures (others)
  A sphinx (Vaults:3)
  An ironbound preserver (Vaults:2)
  An ironbound thunderhulk (Vaults:2)
  6 great orbs of eyes
  A deep troll (Vaults:2)
  An orc knight (Vaults:2)
  2 ironbound convokers
  A wizard (Vaults:3)
  7 ugly thing zombies
  A cyclops (D:13)
  A will-o-the-wisp (Swamp:4)
  A black mamba (Snake:3)
  A naga mage (Snake:3)
  An unseen horror (D:12)
  A yaktaur (Vaults:3)
  2 swamp worm zombies (Swamp:2)
  A mana viper zombie (Snake:3)
  27 slime creatures
  An alligator zombie (Swamp:1)
  A boulder beetle zombie (Lair:4)
  A spriggan zombie (Swamp:2)
  3 black mamba zombies
  A human (Snake:3)
  A yak (D:12)
  3 tyrant leech zombies
  A redback (shapeshifter) (D:14)
  2 two-headed ogre zombies (D:15)
  2 salamander zombies (Snake:4)
  A cane toad zombie (Lair:4)
  A human zombie (D:14)
  An acid dragon (D:12)
  3 water moccasins
  3 orc warriors (Orc:2)
  2 swamp dragon zombies (Swamp:1)
  A centaur (D:12)
  A phantom (D:4)
  3 vampire mosquito zombies (Swamp:1)
  A bullfrog (shapeshifter) (Vaults:5)
  5 bullfrogs
  3 water moccasin zombies
  5 naga zombies
  7 yak zombies
  A troll zombie (Orc:1)
  A killer bee (D:9)
  A polar bear zombie (Lair:5)
  4 howler monkeys
  A centaur zombie (Orc:2)
  4 orc priests
  2 gnoll boudas
  176 jellies
  An iguana (D:4)
  An orc wizard (Orc:2)
  3 ogre zombies
  6 gnolls
  3 adders
  A white imp (D:8)
  A dart slug (D:1)
  14 orcs
  3 endoplasms
  A giant cockroach (D:2)
  3 goblins
  4 hobgoblins
  3 kobolds
  A quokka (D:1)
  5 ball pythons
  A bat (D:1)
  A gnoll zombie (Orc:1)
  2 kobold zombies (D:10)
  14 orc zombies
  2 rats (D:2)
  A bush (Lair:5)
  1513 foxfires
  112 fungi
  158 plants
2154 creatures vanquished.

Grand Total: 3316 creatures vanquished

Notes
Turn   | Place    | Note
-------+----------+-------------------------------------------
     0 | D:1      | billz999 the Djinni Fire Elementalist began the quest for
                  | the Orb.
     0 | D:1      | billz999 set off with the following spells memorised:
                  | Foxfire, Scorch, Kindle Blastsparks, Inner Flame, Flame
                  | Wave.
     0 | D:1      | Reached XP level 1. HP: 15/15 MP: 0/0
    75 | D:1      | Found a faded altar of an unknown god.
    91 | D:1      | Prayed at the altar of an unknown god.
    91 | D:1      | Became a worshipper of Jiyva Joali the Shapeless
    91 | D:1      | Reached * piety under Jiyva
   104 | D:1      | Reached XP level 2. HP: 21/21 MP: 0/0
   191 | D:1      | Found Sastri's Antique Armour Shop.
   214 | D:1      | Reached XP level 3. HP: 25/25 MP: 0/0
   214 | D:1      | Learned a level 1 spell: Kiss of Death
   702 | D:2      | Reached ** piety under Jiyva
   907 | D:2      | Reached XP level 4. HP: 31/31 MP: 0/0
  1402 | D:3      | Reached *** piety under Jiyva
  1462 | D:3      | Gained mutation: You have sharp fingernails. [Jiyva's
                  | grace]
  1462 | D:3      | Gained mutation: You have very sharp fingernails. [Jiyva's
                  | grace]
  1462 | D:3      | Gained mutation: You have claws for hands. [Jiyva's grace]
  1462 | D:3      | Gained mutation: You are covered in slimy tendrils that may
                  | disarm your opponents. [Jiyva's grace]
  1477 | D:3      | Found Fentixte's Weapon Boutique.
  1532 | D:3      | Found a large runed translucent door.
  1532 | D:3      | Found a large runed translucent door.
  1616 | D:3      | Found a runed translucent door.
  1617 | D:3      | Noticed Crazy Yiuf
  1635 | D:3      | Noticed a scorpion
  1643 | D:3      | Killed a scorpion
  1644 | D:3      | Reached XP level 5. HP: 30/35 MP: 0/0
  1644 | D:3      | Learned a level 2 spell: Searing Ray
  1946 | D:4      | Reached **** piety under Jiyva
  2099 | D:4      | Killed a phantom
  2239 | D:4      | Found a sparkling altar of Nemelex Xobeh.
  2257 | D:4      | Found a blossoming altar of Fedhas.
  2386 | D:4      | Noticed Eustachio
  2400 | D:4      | Killed Eustachio
  2401 | D:4      | Reached skill level 5 in Spellcasting
  2401 | D:4      | Reached XP level 6. HP: 33/40 MP: 0/0
  2474 | D:4      | Found Nott's Armour Emporium.
  2528 | D:4      | Bought a +0 helmet for 54 gold pieces
  2781 | D:4      | Found Teqatsalin's Antique Weapon Shoppe.
  2803 | D:5      | Entered Level 5 of the Dungeon
  2845 | D:5      | Reached skill level 1 in Fighting
  2852 | D:5      | Found an iron altar of Okawaru.
  2866 | D:5      | Noticed an ice beast
  2876 | D:5      | Killed an ice beast
  2877 | D:5      | Reached XP level 7. HP: 49/49 MP: 0/0
  2877 | D:5      | Learned a level 2 spell: Passwall
  2981 | D:5      | Found a transporter.
  3039 | D:5      | Found a transporter.
  3041 | D:5      | Noticed Mitcholas's ghost (novice MiFi)
  3045 | D:5      | Reached ***** piety under Jiyva
  3058 | D:5      | Lost mutation: You have claws for hands. [Jiyva's grace]
  3058 | D:5      | Gained mutation: You possess an exceptional clarity of
                  | mind. [Jiyva's grace]
  3058 | D:5      | Gained mutation: You expend health (3 HP) to strengthen
                  | your wands. [Jiyva's grace]
  3058 | D:5      | Gained mutation: You are agile. (Dex +4, Str/Int -1)
                  | [Jiyva's grace]
  3058 | D:5      | Gained mutation: You are very agile. (Dex +8, Str/Int -2)
                  | [Jiyva's grace]
  3274 | D:5      | Found a bloodstained altar of Trog.
  3358 | D:6      | Found a white marble altar of Elyvilon.
  3481 | D:6      | Found a staircase to the Ecumenical Temple.
  3548 | D:6      | Found a glowing golden altar of the Shining One.
  3833 | D:6      | Reached skill level 5 in Fighting
  3886 | D:7      | Noticed a water moccasin
  3987 | D:7      | Reached XP level 8. HP: 59/60 MP: 0/0
  4011 | D:7      | Noticed Joseph
  4027 | D:7      | Killed Joseph
  4091 | D:7      | Reached XP level 9. HP: 37/71 MP: 0/0
  4091 | D:7      | Learned a level 4 spell: Animate Dead
  4237 | D:7      | Noticed Prince Ribbit
  4244 | D:7      | Killed Prince Ribbit
  4679 | D:7      | Noticed Menkaure
  4693 | D:7      | Killed Menkaure
  4694 | D:7      | Reached skill level 10 in Fighting
  4916 | D:8      | Noticed Erica
  4925 | D:8      | Killed Erica
  4926 | D:8      | Reached XP level 10. HP: 83/83 MP: 0/0
  5114 | D:8      | Found a glowing silver altar of Zin.
  5119 | D:8      | Reached ****** piety under Jiyva
  5146 | D:8      | Lost mutation: You have very sharp fingernails. [Jiyva's
                  | grace]
  5146 | D:8      | Lost mutation: You are very agile. (Dex +8, Str/Int -2)
                  | [Jiyva's grace]
  5146 | D:8      | Gained mutation: You have a small jelly attached to you
                  | that may absorb projectiles. [Jiyva's grace]
  5146 | D:8      | Gained mutation: Your movements are slightly less
                  | encumbered by armour. (ER -2) [Jiyva's grace]
  5146 | D:8      | Gained mutation: Your movements are less encumbered by
                  | armour. (ER -4) [Jiyva's grace]
  5146 | D:8      | Gained mutation: Your movements are significantly less
                  | encumbered by armour. (ER -6) [Jiyva's grace]
  5149 | D:8      | Found a burning altar of Makhleb.
  5159 | D:8      | Found a hide-covered altar of Uskayaw.
  5601 | D:9      | Reached skill level 1 in Unarmed Combat
  6300 | D:9      | Lost mutation: You are agile. (Dex +4, Str/Int -1) [Jiyva's
                  | grace]
  6300 | D:9      | Lost mutation: Your movements are significantly less
                  | encumbered by armour. (ER -6) [Jiyva's grace]
  6300 | D:9      | Gained mutation: You are robust. (+10% HP) [Jiyva's grace]
  6300 | D:9      | Gained mutation: You are very robust. (+20% HP) [Jiyva's
                  | grace]
  6300 | D:9      | Gained mutation: You are extremely robust. (+30% HP)
                  | [Jiyva's grace]
  6300 | D:9      | Gained mutation: You have a small jelly attached to you
                  | that senses nearby items. [Jiyva's grace]
  6400 | D:10     | Entered Level 10 of the Dungeon
  6502 | D:10     | Noticed a two-headed ogre
  6532 | D:10     | Reached skill level 5 in Unarmed Combat
  6547 | D:10     | Killed a two-headed ogre
  6583 | D:10     | Found a staircase to the Lair.
  6645 | D:10     | Noticed a kobold demonologist
  6645 | D:10     | Noticed a kobold demonologist
  6645 | D:10     | Noticed a kobold demonologist
  6645 | D:10     | Noticed a kobold demonologist
  6650 | D:10     | Noticed a sixfirhy
  6726 | D:10     | Noticed a kobold demonologist
  6740 | D:10     | Killed a kobold demonologist
  6788 | D:10     | Reached XP level 11. HP: 115/115 MP: 0/0
  6788 | D:10     | Learned a level 5 spell: Arcjolt
  7353 | D:9      | Reached skill level 10 in Unarmed Combat
  7502 | Lair:1   | Entered Level 1 of the Lair of Beasts
  7515 | Lair:1   | Found a runed translucent door.
  7515 | Lair:1   | Noticed upjump's ghost (journeyman TrBe)
  7716 | Lair:1   | Noticed an eight-headed hydra
  7749 | Lair:1   | Killed an eight-headed hydra
  7752 | Lair:1   | Noticed Fannar
  7802 | Lair:1   | Killed Fannar
  8088 | Lair:1   | Reached XP level 12. HP: 85/123 MP: 0/0
  8390 | Lair:1   | Noticed a catoblepas
  8413 | Lair:1   | Killed a catoblepas
  8737 | Lair:2   | Lost mutation: You are extremely robust. (+30% HP) [Jiyva's
                  | grace]
  8737 | Lair:2   | Gained mutation: You are covered in fur. (AC +1) [Jiyva's
                  | grace]
  8737 | Lair:2   | Gained mutation: You are covered in thick fur. (AC +2)
                  | [Jiyva's grace]
  8737 | Lair:2   | Gained mutation: Your thick and shaggy fur keeps you warm.
                  | (AC +3, rC+) [Jiyva's grace]
  8737 | Lair:2   | Gained mutation: You have acidic saliva. [Jiyva's grace]
  9038 | Lair:2   | Reached skill level 10 in Spellcasting
  9206 | Lair:2   | Noticed a seven-headed hydra
  9221 | Lair:2   | Killed a seven-headed hydra
  9821 | Lair:2   | Reached XP level 13. HP: 73/122 MP: 0/0
  9821 | Lair:2   | Learned a level 5 spell: Blade Hands
  9947 | Lair:3   | Found a runed translucent door.
  9950 | Lair:3   | Lost mutation: You have sharp fingernails. [Jiyva's grace]
  9950 | Lair:3   | Lost mutation: Your thick and shaggy fur keeps you warm.
                  | (AC +3, rC+) [Jiyva's grace]
  9950 | Lair:3   | Lost mutation: You are covered in thick fur. (AC +2)
                  | [Jiyva's grace]
  9950 | Lair:3   | Lost mutation: You have a small jelly attached to you that
                  | senses nearby items. [Jiyva's grace]
  9950 | Lair:3   | Lost mutation: Your movements are less encumbered by
                  | armour. (ER -4) [Jiyva's grace]
  9950 | Lair:3   | Gained mutation: You are strong-willed. (Will+) [Jiyva's
                  | grace]
  9950 | Lair:3   | Gained mutation: You are highly strong-willed. (Will++)
                  | [Jiyva's grace]
  9950 | Lair:3   | Gained mutation: You are extremely strong-willed. (Will+++)
                  | [Jiyva's grace]
  9950 | Lair:3   | Gained mutation: Your rubbery body absorbs attacks. (AC +1,
                  | EV +1) [Jiyva's grace]
  9954 | Lair:3   | Found a staircase to the Swamp.
 10035 | Lair:3   | Found a staircase to the Snake Pit.
 10464 | Lair:3   | Noticed Qikipt's ghost (journeyman NaVM)
 10707 | Lair:4   | Reached skill level 5 in Dodging
 10906 | Lair:4   | Identified the +2 falchion "Raest" {speed, rElec rF+ Str-5}
 11147 | Lair:4   | Lost mutation: You are extremely strong-willed. (Will+++)
                  | [Jiyva's grace]
 11147 | Lair:4   | Lost mutation: You are very robust. (+20% HP) [Jiyva's
                  | grace]
 11147 | Lair:4   | Lost mutation: You are covered in fur. (AC +1) [Jiyva's
                  | grace]
 11147 | Lair:4   | Lost mutation: You expend health (3 HP) to strengthen your
                  | wands. [Jiyva's grace]
 11147 | Lair:4   | Gained mutation: Your pliable body absorbs attacks. (AC +2,
                  | EV +2) [Jiyva's grace]
 11147 | Lair:4   | Gained mutation: Your gelatinous body deflects attacks. (AC
                  | +3, EV +3) [Jiyva's grace]
 11147 | Lair:4   | Gained mutation: You are partially covered in iridescent
                  | scales. (AC +2) [Jiyva's grace]
 11147 | Lair:4   | Gained mutation: You are mostly covered in iridescent
                  | scales. (AC +4) [Jiyva's grace]
 11449 | Lair:5   | Entered Level 5 of the Lair of Beasts
 11457 | Lair:4   | Reached skill level 10 in Dodging
 11636 | Lair:5   | Found a viscous altar of Jiyva.
 11636 | Lair:5   | Found a staircase to the Slime Pits.
 11917 | Lair:5   | Reached XP level 14. HP: 114/121 MP: 0/0
 12134 | Lair:5   | Found a dark tunnel.
 12141 | Volcano  | Entered a volcano
 12294 | Volcano  | Found the +3 pair of mountain boots {steadfast, rC+}
 12865 | Lair:5   | Noticed a dire elephant
 12893 | Lair:5   | Killed a dire elephant
 13227 | Lair:5   | Found a burning altar of Makhleb.
 13240 | Lair:5   | Reached XP level 15. HP: 129/129 MP: 0/0
 13240 | Lair:5   | Learned a level 6 spell: Eringya's Noxious Bog
 13329 | Lair:5   | Found a gateway to Hell.
 13557 | D:11     | Found Buttun's Overcharged Wands.
 13744 | D:11     | Lost mutation: You are highly strong-willed. (Will++)
                  | [Jiyva's grace]
 13744 | D:11     | Lost mutation: You are robust. (+10% HP) [Jiyva's grace]
 13744 | D:11     | Lost mutation: You have acidic saliva. [Jiyva's grace]
 13744 | D:11     | Gained mutation: Your flesh is almost immune to the effects
                  | of heat. (rF+++) [Jiyva's grace]
 13744 | D:11     | Gained mutation: Your mind is acute. (Int +4, Str/Dex -1)
                  | [Jiyva's grace]
 13744 | D:11     | Gained mutation: Your mind is very acute. (Int +8, Str/Dex
                  | -2) [Jiyva's grace]
 13744 | D:11     | Gained mutation: You are completely covered in iridescent
                  | scales. (AC +6) [Jiyva's grace]
 13912 | D:11     | Found a staircase to the Orcish Mines.
 14417 | Orc:1    | Entered Level 1 of the Orcish Mines
 14417 | Orc:1    | Noticed ragingrage's ghost (journeyman FeBe)
 14417 | Orc:1    | Found a transporter.
 14476 | Orc:1    | Found a transporter.
 14516 | Orc:1    | Noticed an orc warlord
 14539 | Orc:1    | Found Xemob's Jewellery Emporium.
 14924 | Orc:1    | Killed an orc warlord
 15000 | Orc:2    | Entered Level 2 of the Orcish Mines
 15000 | Orc:2    | Found a staircase to the Elven Halls.
 15354 | Orc:2    | Reached skill level 15 in Fighting
 15588 | Orc:2    | Found Nuff's Assorted Antiques.
 15588 | Orc:2    | Found Naimn's General Store.
 15588 | Orc:2    | Found Vatuq's Antique Weapon Shop.
 15591 | Orc:2    | Found Teedi's Weapon Emporium.
 15667 | Orc:2    | Lost mutation: You possess an exceptional clarity of mind.
                  | [Jiyva's grace]
 15667 | Orc:2    | Lost mutation: Your flesh is almost immune to the effects
                  | of heat. (rF+++) [Jiyva's grace]
 15667 | Orc:2    | Lost mutation: Your gelatinous body deflects attacks. (AC
                  | +3, EV +3) [Jiyva's grace]
 15667 | Orc:2    | Gained mutation: You are highly strong-willed. (Will++)
                  | [Jiyva's grace]
 15667 | Orc:2    | Gained mutation: You are extremely strong-willed. (Will+++)
                  | [Jiyva's grace]
 15667 | Orc:2    | Gained mutation: Your gelatinous body deflects attacks. (AC
                  | +3, EV +3) [Jiyva's grace]
 15667 | Orc:2    | Gained mutation: You are agile. (Dex +4, Str/Int -1)
                  | [Jiyva's grace]
 16256 | Orc:1    | Bought the ring of Shadows {Umbra +Inv Stlth+} for 640 gold
                  | pieces
 16256 | Orc:1    | Found the ring of Shadows {Umbra +Inv Stlth+}
 17179 | D:13     | Reached skill level 5 in Stealth
 17422 | D:13     | Reached XP level 16. HP: 126/126 MP: 0/0
 17461 | D:13     | Found a gate to the Vaults.
 17616 | D:13     | Found a runed translucent gate.
 17616 | D:13     | Found a runed translucent gate.
 17616 | D:13     | Found a runed translucent gate.
 17655 | D:13     | Lost mutation: You are extremely strong-willed. (Will+++)
                  | [Jiyva's grace]
 17655 | D:13     | Lost mutation: You are highly strong-willed. (Will++)
                  | [Jiyva's grace]
 17655 | D:13     | Lost mutation: Your movements are slightly less encumbered
                  | by armour. (ER -2) [Jiyva's grace]
 17655 | D:13     | Gained mutation: Your melee attacks may engulf your foes in
                  | ooze. [Jiyva's grace]
 17655 | D:13     | Gained mutation: Your muscles are strong. (Str +4, Int/Dex
                  | -1) [Jiyva's grace]
 17655 | D:13     | Gained mutation: Your muscles are very strong. (Str +8,
                  | Int/Dex -2) [Jiyva's grace]
 17655 | D:13     | Gained mutation: You have a pair of small antennae on your
                  | head. [Jiyva's grace]
 17761 | D:13     | Noticed Maurice
 17769 | D:13     | Killed Maurice
 18020 | D:13     | Noticed Ideihu's ghost (journeyman DjFE)
 18700 | D:15     | Entered Level 15 of the Dungeon
 18913 | D:15     | Lost mutation: Your mind is very acute. (Int +8, Str/Dex
                  | -2) [Jiyva's grace]
 18913 | D:15     | Lost mutation: Your mind is acute. (Int +4, Str/Dex -1)
                  | [Jiyva's grace]
 18913 | D:15     | Lost mutation: You have a small jelly attached to you that
                  | may absorb projectiles. [Jiyva's grace]
 18913 | D:15     | Gained mutation: A frigid envelope surrounds you and
                  | freezes all who hurt you. [Jiyva's grace]
 18913 | D:15     | Gained mutation: You have a small jelly attached to you
                  | that senses nearby items. [Jiyva's grace]
 18913 | D:15     | Gained mutation: You possess an exceptional clarity of
                  | mind. [Jiyva's grace]
 18913 | D:15     | Gained mutation: You are partially covered in large bone
                  | plates. (SH +4) [Jiyva's grace]
 19097 | D:15     | Found a staircase to the Depths.
 19571 | Swamp:1  | Entered Level 1 of the Swamp
 19580 | Swamp:1  | Reached skill level 10 in Stealth
 20289 | Swamp:2  | Reached XP level 17. HP: 54/131 MP: 0/0
 20289 | Swamp:2  | Learned a level 7 spell: Orb of Destruction
 20335 | Swamp:2  | Reached skill level 1 in Evocations
 20465 | Swamp:2  | Found a runed translucent gate.
 20466 | Swamp:2  | Found a runed translucent gate.
 20466 | Swamp:2  | Found a runed translucent gate.
 20492 | Swamp:2  | Noticed Feimod's ghost (adept SpEn)
 20704 | Swamp:2  | Reached skill level 5 in Evocations
 21026 | Swamp:3  | Reached skill level 1 in Armour
 21677 | Swamp:3  | Noticed a thorn hunter
 21802 | Swamp:3  | Reached skill level 5 in Armour
 21864 | Swamp:3  | Killed a thorn hunter
 22205 | Swamp:3  | Upgraded the game from 0.30-a0-534-gdc55766716 to
                  | 0.30-a0-540-g0af01429fa
 22297 | Snake:1  | Entered Level 1 of the Snake Pit
 22438 | Snake:1  | Lost mutation: You are completely covered in iridescent
                  | scales. (AC +6) [Jiyva's grace]
 22438 | Snake:1  | Lost mutation: You are covered in slimy tendrils that may
                  | disarm your opponents. [Jiyva's grace]
 22438 | Snake:1  | Lost mutation: Your melee attacks may engulf your foes in
                  | ooze. [Jiyva's grace]
 22438 | Snake:1  | Gained mutation: Your body has grown eyes which may confuse
                  | attackers. (Acc +3) [Jiyva's grace]
 22438 | Snake:1  | Gained mutation: Your body has grown many eyes which may
                  | confuse attackers. (Acc +5) [Jiyva's grace]
 22438 | Snake:1  | Gained mutation: Your body is covered in eyes which may
                  | confuse attackers. (Acc +7, SInv) [Jiyva's grace]
 22438 | Snake:1  | Gained mutation: You are covered in slimy tendrils that may
                  | disarm your opponents. [Jiyva's grace]
 22591 | Snake:1  | Noticed Josephine
 22592 | Snake:1  | Noticed Agnes
 22602 | Snake:1  | Killed Agnes
 22613 | Snake:1  | Killed Josephine
 22674 | Snake:1  | Noticed Roxanne
 22852 | Snake:1  | Noticed Donald
 22863 | Snake:1  | Killed Donald
 23208 | Snake:2  | Found a transporter.
 23212 | Snake:2  | Noticed mhtbhm's ghost (journeyman GrBe)
 23215 | Snake:2  | Found a transporter.
 23914 | Snake:3  | Reached XP level 18. HP: 124/138 MP: 0/0
 23965 | Snake:3  | Reached skill level 15 in Unarmed Combat
 24078 | Snake:3  | Noticed Mlioglotl
 24087 | Snake:2  | Killed Mlioglotl
 24725 | Snake:3  | Noticed Kirke
 24735 | Snake:3  | Killed Kirke
 25127 | Snake:4  | Entered Level 4 of the Snake Pit
 25454 | Snake:4  | Lost mutation: You are mostly covered in iridescent scales.
                  | (AC +4) [Jiyva's grace]
 25454 | Snake:4  | Lost mutation: Your body is covered in eyes which may
                  | confuse attackers. (Acc +7, SInv) [Jiyva's grace]
 25454 | Snake:4  | Lost mutation: Your body has grown many eyes which may
                  | confuse attackers. (Acc +5) [Jiyva's grace]
 25454 | Snake:4  | Lost mutation: You have a small jelly attached to you that
                  | senses nearby items. [Jiyva's grace]
 25454 | Snake:4  | Gained mutation: You have a pair of antennae on your head.
                  | [Jiyva's grace]
 25454 | Snake:4  | Gained mutation: You have a pair of large antennae on your
                  | head. (SInv) [Jiyva's grace]
 25454 | Snake:4  | Gained mutation: You have a small jelly attached to you
                  | that may absorb projectiles. [Jiyva's grace]
 25454 | Snake:4  | Gained mutation: You have a small jelly attached to you
                  | that senses nearby items. [Jiyva's grace]
 26230 | Snake:4  | Got a serpentine rune of Zot
 26508 | Swamp:4  | Entered Level 4 of the Swamp
 26618 | Swamp:4  | Reached XP level 19. HP: 127/143 MP: 0/0
 26618 | Swamp:4  | Learned a level 7 spell: Storm Form
 26709 | Swamp:4  | Gained mutation: You are frail. (-10% HP) [mutagenic glow]
 26725 | Swamp:4  | Lost mutation: You are agile. (Dex +4, Str/Int -1)
                  | [mutagenic glow]
 27406 | Swamp:4  | Noticed the 27-headed Lernaean hydra
 27413 | Swamp:4  | Killed the 27-headed Lernaean hydra
 27487 | Swamp:4  | Got a decaying rune of Zot
 28087 | Vaults:1 | Entered Level 1 of the Vaults
 28526 | Vaults:1 | Lost mutation: You are partially covered in iridescent
                  | scales. (AC +2) [Jiyva's grace]
 28526 | Vaults:1 | Lost mutation: You are frail. (-10% HP) [Jiyva's grace]
 28526 | Vaults:1 | Lost mutation: Your body has grown eyes which may confuse
                  | attackers. (Acc +3) [Jiyva's grace]
 28526 | Vaults:1 | Lost mutation: Your gelatinous body deflects attacks. (AC
                  | +3, EV +3) [Jiyva's grace]
 28526 | Vaults:1 | Lost mutation: Your pliable body absorbs attacks. (AC +2,
                  | EV +2) [Jiyva's grace]
 28526 | Vaults:1 | Lost mutation: You are covered in slimy tendrils that may
                  | disarm your opponents. [Jiyva's grace]
 28526 | Vaults:1 | Gained mutation: You are covered in slimy tendrils that may
                  | disarm your opponents. [Jiyva's grace]
 28526 | Vaults:1 | Gained mutation: Your body has grown eyes which may confuse
                  | attackers. (Acc +3) [Jiyva's grace]
 28526 | Vaults:1 | Gained mutation: Your body has grown many eyes which may
                  | confuse attackers. (Acc +5) [Jiyva's grace]
 28526 | Vaults:1 | Gained mutation: Your body is covered in eyes which may
                  | confuse attackers. (Acc +7, SInv) [Jiyva's grace]
 28573 | Vaults:1 | Found a portal to a secret trove of treasure.
 29400 | Vaults:2 | Reached XP level 20. HP: 126/151 MP: 0/0
 29581 | Vaults:2 | You are sucked into a shaft and drop 1 floor!
 29591 | Vaults:3 | Found a staircase to the Crypt.
 29713 | Vaults:3 | Upgraded the game from 0.30-a0-540-g0af01429fa to
                  | 0.30-a0-553-g7fabdf1491
 29839 | Vaults:3 | Found Cixi's Distillery.
 29977 | Vaults:3 | Found Cog Rol's Armour Shoppe.
 30655 | Vaults:3 | Lost mutation: You have a pair of large antennae on your
                  | head. (SInv) [Jiyva's grace]
 30655 | Vaults:3 | Lost mutation: You have a pair of antennae on your head.
                  | [Jiyva's grace]
 30655 | Vaults:3 | Lost mutation: You possess an exceptional clarity of mind.
                  | [Jiyva's grace]
 30655 | Vaults:3 | Lost mutation: A frigid envelope surrounds you and freezes
                  | all who hurt you. [Jiyva's grace]
 30655 | Vaults:3 | Lost mutation: Your muscles are very strong. (Str +8,
                  | Int/Dex -2) [Jiyva's grace]
 30655 | Vaults:3 | Lost mutation: Your body is covered in eyes which may
                  | confuse attackers. (Acc +7, SInv) [Jiyva's grace]
 30655 | Vaults:3 | Lost mutation: Your rubbery body absorbs attacks. (AC +1,
                  | EV +1) [Jiyva's grace]
 30655 | Vaults:3 | Gained mutation: Armour fits poorly on your pseudopods.
                  | [Jiyva's grace]
 30655 | Vaults:3 | Gained mutation: Armour fits poorly on your large
                  | pseudopods. [Jiyva's grace]
 30655 | Vaults:3 | Gained mutation: Armour fits poorly on your massive
                  | pseudopods. [Jiyva's grace]
 30655 | Vaults:3 | Gained mutation: Your translucent skin slightly reduces
                  | your foes' accuracy. (Stealth+) [Jiyva's grace]
 30928 | Vaults:4 | Found Wiygg's Magic Scroll Emporium.
 30968 | Vaults:4 | Bought a scroll of fear for 84 gold pieces
 31275 | Vaults:4 | Reached XP level 21. HP: 99/161 MP: 0/0
 31275 | Vaults:4 | Learned a level 8 spell: Maxwell's Capacitive Coupling
 31339 | Vaults:4 | Noticed an ancient lich
 31430 | Vaults:4 | Killed an ancient lich
 31604 | Vaults:4 | Found Dakhaxaj's Magic Scroll Boutique.
 31622 | Vaults:4 | Bought a scroll of teleportation for 60 gold pieces
 31622 | Vaults:4 | Bought a scroll of teleportation for 60 gold pieces
 31622 | Vaults:4 | Bought a scroll of teleportation for 60 gold pieces
 31622 | Vaults:4 | Bought a scroll of blinking for 150 gold pieces
 31705 | Vaults:4 | Found Qytuf's Magic Scroll Shop.
 31713 | Vaults:4 | Bought a scroll of teleportation for 66 gold pieces
 31714 | Vaults:4 | Found Fouliteq's Magic Scroll Shop.
 31926 | Vaults:4 | Noticed Margery
 31935 | Vaults:4 | Killed Margery
 32086 | Vaults:4 | Lost mutation: Your body has grown many eyes which may
                  | confuse attackers. (Acc +5) [Jiyva's grace]
 32086 | Vaults:4 | Lost mutation: Armour fits poorly on your massive
                  | pseudopods. [Jiyva's grace]
 32086 | Vaults:4 | Lost mutation: You have a small jelly attached to you that
                  | may absorb projectiles. [Jiyva's grace]
 32086 | Vaults:4 | Gained mutation: Your mind is acute. (Int +4, Str/Dex -1)
                  | [Jiyva's grace]
 32086 | Vaults:4 | Gained mutation: Your mind is very acute. (Int +8, Str/Dex
                  | -2) [Jiyva's grace]
 32086 | Vaults:4 | Gained mutation: You expend health (3 HP) to strengthen
                  | your wands. [Jiyva's grace]
 32086 | Vaults:4 | Gained mutation: Your rubbery body absorbs attacks. (AC +1,
                  | EV +1) [Jiyva's grace]
 32333 | Vaults:4 | Found Zeysmo's Weapon Shoppe.
 32761 | Vaults:2 | Found a transporter.
 32765 | Vaults:2 | Found a bloodstained altar of Trog.
 32773 | Vaults:2 | Found a transporter.
 32774 | Vaults:2 | Noticed demibob's ghost (adept DsGl)
 33201 | Vaults:2 | Found Haxkoll's Jewellery Shop.
 33421 | Depths:1 | Entered Level 1 of the Depths
 33431 | Depths:1 | Found a one-way gate to the infinite horrors of the Abyss.
 33431 | Depths:1 | Noticed Louise
 33461 | Depths:1 | Killed Louise
 33644 | Depths:1 | Identified the amulet of Enepoep {RegenMP rPois Will+
                  | Dex-4}
 33651 | Depths:1 | Noticed a Tzitzimitl
 33838 | Depths:1 | Found a one-way gate leading to the halls of Pandemonium.
 34365 | Vaults:5 | Entered Level 5 of the Vaults
 34380 | Vaults:5 | Reached XP level 22. HP: 92/171 MP: 0/0
 34704 | Vaults:5 | Noticed Jory
 34713 | Vaults:4 | Killed from afar by a fire giant

Illustrated notes

Levels and vault maps discovered:
D:1:      wander_arrival_desolate, layout_basic,
          shapermc_ecumenical_altar_totnotflames, serial_shops,
          nicolae_shop_hallway_plus
D:2:      layout_basic
D:3:      layout_basic, vehumet_altar_wand_db, jmf_multi_god_temple2,
          serial_shops, nicolae_shop_advertising_works
          [nicolae_subvault_shop_adworks], minmay_liquid_box,
          uniq_crazy_yiuf_cottage
D:4:      layout_rooms, fedhas_altar_1, lemuel_doored_altar, serial_shops,
          nicolae_shop_trees, shop, nicolae_grassy_gnolls, uniq_eustachio
D:5:      layout_basic, okawaru_trees_1, lightli_temple_of_fire,
          gammafunk_ghost_mausoleum
D:6:      layout_basic, mainiacjoe_overflow_boulevard,
          mainiacjoe_overflow_concentric_impassable, minmay_temple_entry_hall,
          minmay_misc_feat_rows
D:7:      layout_loops_cross, uniq_menkaure, uniq_joseph, uniq_prince_ribbit1
D:8:      layout_gridville, zin_academy, mainiacjoe_overflow_big_doors,
          uniq_erica
D:9:      layout_gridville
D:10:     layout_gridville, due_lair_maze_entry_diamond
D:11:     layout_basic, david_orc_1_choice, kennysheep_another_room,
          nicolae_shop_overcharged_wands
D:12:     layout_irregular_city, minmay_joined_circles
D:13:     layout_roguey [special_room_bee], lightli_vaults_fourway_checkpoint,
          gammafunk_ghost_icy, uniq_maurice
D:14:     layout_cave_pools, serial_co_window_serial, co_window_paths_b,
          co_window_paths_a, co_window_corner_a, co_window_of_opportunity_a,
          co_window_paths_a, co_window_2corner, co_window_corner_cb,
          co_window_of_opportunity_b, glass_columns_b
D:15:     grunt_enter_depths_hoard, layout_cave_pools,
          hangedman_abyss_or_decor_slice
Lair:1:   layout_loops_ring, portal_ice_cave_rime, gammafunk_ghost_grave,
          serial_bayou_shore_b, uniq_fannar
Lair:2:   layout_cave_pods, grunt_megastairs_3
Lair:3:   layout_gridlike, minmay_swamp_entry_wisps,
          minmay_snake_entry_six_corridors, ebering_ghost_reflecting_pool,
          grunt_megastairs_5
Lair:4:   slaughterhouse, layout_long_grid, chequers_serial_rivers_marsh,
          hangedman_lair_generics_rect, lemuel_fruit_fields, lemuel_fruit_fields
Lair:5:   evil_forest, layout_loops_ring, slime_entry_1, enter_volcano_3,
          cheibrodos_lair_lostbears
Swamp:1:  layout_basic_swamp, hangedman_swamp_pad, infiniplex_staircase_pool_2
Swamp:2:  layout_basic_swamp, gammafunk_ghost_hydra_chop, serial_swamp_ruin,
          evilmike_swamp_ruin_house_4, evilmike_swamp_ruin_house_2,
          evilmike_swamp_ruin_house_3, swamp_pool5, infiniplex_staircase_pool
Swamp:3:  layout_basic_swamp, evilmike_swamp_ruin_house_1, swamp_pool4,
          hangedman_swamp_grove
Swamp:4:  swamp_basic_johnstein, layout_basic_swamp, swamp_pool4
Snake:1:  layout_misc_corridors, uniq_roxanne, uniq_josephine, uniq_donald,
          uniq_agnes
Snake:2:  layout_onion_interference, gammafunk_ghost_arena,
          nicolae_snake_gridmaze_squiggle, nicolae_snake_single_loop
Snake:3:  layout_misc_corridors, nicolae_coiled_stairwell_up, uniq_kirke,
          uniq_mlioglotl
Snake:4:  johnstein_snake_rune_scales, layout_rooms, grunt_ministairs_4
Orc:1:    layout_caves, serial_shops, nicolae_shop_statue_plus,
          gammafunk_ghost_arena, uniq_sonja
Orc:2:    st_orc_rangers, layout_diamond_mine, basic_altar
Vaults:1: v_rooms_3, vaults_room_fours, hangedman_vaults_stagger,
          nicolae_vaults_twisting_passages, nicolae_vaults_stairing_the_circle,
          v_misc_26, grunt_vaults_bifocal, vaults_dpeg_ring, v_misc_17,
          nicolae_vaults_specimen_jars, vaults_dpeg_encased_lava,
          ontoclasm_vaults_hangar, vaults_dpeg_emergency_exit,
          layout_vaults_ring, nicolae_trove_entry_columns
Vaults:2: gammafunk_ghost_wrathful_warriors, ontoclasm_vaults_ligature,
          vaults_dpeg_hooks, v_rooms_5, v_misc_5, v_misc_4,
          nicolae_vaults_inception_corners, grunt_vaults_focal,
          hangedman_vaults_variations, ontoclasm_vaults_ring_large,
          layout_vaults_maze, serial_shops, shop
Vaults:3: vaults_standard_mumra_enter_the_diamond,
          minmay_crypt_entry_simple_corners, vaults_room_large_hall,
          vaults_mumra_hexcomb, v_alt_pattern_2, nicolae_vaults_asterisk,
          v_alt_pattern_6, nicolae_vaults_border_crossing,
          vaults_room_mumra_shop_pool, grunt_vaults_trifunnel,
          ontoclasm_vaults_bender, ontoclasm_vaults_loading_screen,
          nicolae_vaults_little_squares_5, nicolae_vaults_little_ls,
          nicolae_vaults_asterisk, layout_vaults_big_cross, serial_shops,
          nicolae_diamond_shop
Vaults:4: v_misc_13, vaults_room_pool, ontoclasm_vaults_hangar,
          hangedman_vaults_nails, ontoclasm_vaults_hangar,
          grunt_vaults_hallway_long, nicolae_vaults_display_case,
          vaults_dpeg_diagonal, vaults_room_fours, layout_vaults_quadrants,
          serial_shops, shop, nicolae_diamond_shop, shop, nicolae_shop_stone,
          shop, uniq_margery
Vaults:5: uniq_jory
Depths:1: layout_twisted_cross, nicolae_abyss_entry_one_way_or_another,
          hell_entry, rand_demon_pan_entry_1, hangedman_summoners_spam,
          serial_bayou_shore_a

Skill      XL: |  1  2  3  4  5  6  7  8  9 10 11 12 13 14 15 16 17 18 19 20 21 22 |
---------------+-------------------------------------------------------------------+-----
Spellcasting   | 3 4 5 7 10 11 12 13 14 | 14.5
Fighting       | 2 5 8 11 12 13 14 15 16 17 18 19 | 19.2
Unarmed Combat | 8 10 11 12 13 14 16 17 18 19 | 19.7
Dodging        | 10 | 10.0
Stealth        | 6 11 13 14 | 14.1
Evocations     | 6 |  6.0
Armour         | 7 |  7.0

Action                   |  1- 3 |  4- 6 |  7- 9 | 10-12 | 13-15 | 16-18 | 19-21 | 22-24 || total
-------------------------+-------+-------+-------+-------+-------+-------+-------+-------++-------
Melee: Unarmed           |     1 |       |       |    70 |   553 |   643 |   584 |    35 ||  1886
       Dagger            |     9 |     3 |       |       |       |       |       |       ||    12
       Punch             |       |       |       |     8 |    69 |    77 |    86 |     8 ||   248
       Bite              |       |       |       |     2 |    59 |       |       |       ||    61
       Pseudopods        |       |       |       |       |       |       |     3 |       ||     3
 Cast: Foxfire           |    54 |    54 |    75 |   180 |   226 |   153 |   152 |       ||   894
       Scorch            |       |     8 |    55 |   130 |   222 |   189 |    83 |       ||   687
       Searing Ray       |       |     5 |     4 |       |    11 |     1 |       |       ||    21
       Flame Wave        |       |     2 |     2 |    88 |    73 |    23 |     3 |       ||   191
       Animate Dead      |       |       |       |     2 |     7 |    10 |       |       ||    19
       Kindle Blastspark |       |       |       |     5 |    16 |       |       |       ||    21
       Passwall          |       |       |       |     1 |       |       |       |       ||     1
       Arcjolt           |       |       |       |     2 |       |       |       |       ||     2
       Blade Hands       |       |       |       |       |    55 |    85 |       |       ||   140
       Eringya's Noxious |       |       |       |       |     4 |     2 |     1 |       ||     7
       Orb of Destructio |       |       |       |       |       |     3 |     8 |       ||    11
       Storm Form        |       |       |       |       |       |       |    51 |     4 ||    55
       Maxwell's Capacit |       |       |       |       |       |       |     1 |     1 ||     2
Invok: Oozemancy         |       |       |       |       |     1 |       |     1 |       ||     2
Evoke: Wand              |       |       |       |       |       |     7 |    15 |       ||    22
  Use: Potion            |       |     3 |     2 |       |     1 |       |     6 |       ||    12
       Scroll            |       |     2 |     3 |     2 |     3 |    16 |       |       ||    26
 Stab: Distracted        |       |       |       |       |     5 |     2 |     3 |       ||    10
       Sleeping          |       |       |       |       |     1 |     6 |    11 |       ||    18
       Confused          |       |       |       |       |       |     6 |     2 |       ||     8
       Paralysed         |       |       |       |       |       |     2 |       |       ||     2
Armor: Robe              |     2 |     1 |       |       |       |       |       |       ||     3
       Leather armour    |       |       |     4 |    68 |   218 |   160 |     8 |       ||   458
       Skin              |       |       |       |       |       |       |   139 |    15 ||   154
Dodge: Dodged            |     7 |    20 |    19 |   135 |   611 |   447 |   607 |    66 ||  1912
Block: Other             |       |       |       |       |       |    78 |     8 |       ||    86

Table legend: (Time is in decaauts)
 A = Elapsed time spent in this place.
 B = Non-inter-level travel time spent in this place.
 C = Inter-level travel time spent in this place.
 D = Time resting spent in this place.
 E = Time spent auto-exploring this place.
 F = Levels seen in this place.
 G = Mean time per level.
                   A        B        C        D        E       F      G
               +--------+--------+--------+--------+--------+-----+--------+
         Total |  34230 |  31052 |   3178 |   3255 |  21212 |  37 |  925.1 |
       Dungeon |  12077 |  10711 |   1366 |    925 |   7964 |  15 |  805.1 |
          Lair |   6008 |   5458 |    550 |    246 |   3898 |   5 | 1201.6 |
         Swamp |   4170 |   3775 |    395 |    915 |   2001 |   4 | 1042.5 |
     Snake Pit |   3924 |   3660 |    264 |    462 |   2188 |   4 |  981.0 |
  Orcish Mines |   1622 |   1459 |    163 |     83 |    887 |   2 |  811.0 |
        Vaults |   5576 |   5154 |    422 |    611 |   3676 |   5 | 1115.2 |
        Depths |    651 |    636 |     15 |     13 |    453 |   1 |  651.0 |
       Volcano |    197 |    197 |      0 |      0 |    145 |   1 |  197.0 |
               +--------+--------+--------+--------+--------+-----+--------+

Top non-repeatable levels by time:
Vaults:4: 1818 daAuts
Vaults:3: 1359 daAuts
  Lair:1: 1338 daAuts
  Lair:4: 1337 daAuts
 Swamp:3: 1307 daAuts
 Swamp:4: 1303 daAuts
  Lair:5: 1270 daAuts
Vaults:1: 1216 daAuts
Vaults:2: 1152 daAuts
  Lair:2: 1148 daAuts
 Snake:4: 1129 daAuts
    D:12: 1103 daAuts
    D:10: 1099 daAuts
    D:13: 1030 daAuts
     D:9: 1001 daAuts
